 Dungeon Crawl Stone Soup version 0.19-a0-1260-gc94d3f7 (webtiles) character file.

2923 Espgualade the Sneak (level 9, -6/61 HPs)
             Began as an Octopode Ice Elementalist on Aug 28, 2016.
             Was a Follower of Vehumet.
             Mangled by a wasp (8 damage)
             ... while paralysed by a wasp
             ... on level 8 of the Dungeon.
             The game lasted 00:30:11 (8611 turns).

Espgualade the Sneak (Octopode Ice Elementalist)    Turns: 8611, Time: 00:30:12

Health: -6/61      AC:  7    Str:  8    XL:     9   Next: 79%
Magic:  22/27      EV:  2    Int: 20    God:    Vehumet [*.....]
Gold:   167        SH:  0    Dex: 12    Spells: 5 memorised, 6 levels left

rFire  . . .     SeeInvis .     e - +1 spear (flame)
rCold  + . .     Gourm    .     (no shield)
rNeg   . . .     Faith    .     (helmet restricted)
rPois  .         Spirit   .     (no amulet)
rElec  .         Dismiss  .     d - ring of resist corrosion
rCorr  +         Reflect  .     m - ring of magical power
MR     .....     Harm     .     g - ring of flight
Stlth  +++++.....               y - ring of protection from cold
                                (no ring)
                                (no ring)
                                (no ring)
                                (no ring)

@: paralysed, lethally poisoned (-6 -> -16), icy armour, slow
A: almost no armour, stealthy swim, amphibious, 8 rings, constrict 8, camouflage
1, gelatinous body 1
a: Renounce Religion, Evoke Flight


You were on level 8 of the Dungeon.
You worshipped Vehumet.
Vehumet was aware of your devotion.
You were not hungry.

You visited 2 branches of the dungeon, and saw 9 of its levels.

You collected 277 gold pieces.
You spent 110 gold pieces at shops.

Inventory:

Hand Weapons
 c - a +2 dagger of speed
 e - a +1 spear of flaming (weapon)
 f - a +2 dagger of flaming
 j - a +1 antimagic spear
 l - a +0 scythe of slicing
 x - a +1 dagger of protection
Jewellery
 d - a ring of resist corrosion (left tentacle)
 g - a ring of flight (on tentacle)
 m - a ring of magical power (right tentacle)
 y - a ring of protection from cold (on tentacle)
Wands
 s - a wand of random effects (5/48)
 v - a wand of confusion (11/48)
 F - a wand of flame (17/48)
Scrolls
 h - 2 scrolls of magic mapping
 i - 3 scrolls of remove curse
 k - a scroll of amnesia
 q - a scroll of enchant weapon
 t - a scroll of teleportation
 z - a scroll of recharging
 C - a scroll of identify
 K - a scroll of holy word {unknown}
Potions
 o - 2 potions of mutation
 p - 2 potions of flight
 u - a potion of haste
 B - a potion of curing
 D - 2 potions of brilliance
 E - a potion of berserk rage {unknown}
 J - a potion of ambrosia {unknown}
Books
 a - a book of Frost

   Spells                             Type                      Level
   a - Freeze                         Ice                          1
   b - Throw Frost                    Conjuration/Ice              2
   c - Ozocubu's Armour               Charms/Ice                   3
   d - Throw Icicle                   Conjuration/Ice              4
   e - Summon Ice Beast               Ice/Summoning                4
 G - a book of Fire

   Spells                             Type                      Level
   a - Ignite Poison                  Fire/Transmutation/Poison    3
   b - Fireball                       Conjuration/Fire             5
   c - Bolt of Fire                   Conjuration/Fire             6
   d - Delayed Fireball               Conjuration/Fire             7
   e - Ring of Flames                 Charms/Fire                  7
Comestibles
 b - 7 bread rations
 n - 2 beef jerkies
 r - a slice of pizza
 A - a meat ration
 H - 6 fruits
 I - 2 chunks of flesh


   Skills:
 - Level 5.2 Fighting
 - Level 5.4 Dodging
 - Level 7.2 Stealth
 - Level 6.0 Spellcasting
 + Level 4.6 Conjurations
 + Level 3.2 Charms
 + Level 5.6 Ice Magic


You had 6 spell levels left.
You knew the following spells:

 Your Spells              Type           Power        Failure   Level  Hunger
a - Freeze                Ice            ####         1%          1    None
b - Throw Frost           Conj/Ice       ####..       1%          2    None
c - Ozocubu's Armour      Chrm/Ice       ###.....     8%          3    ##.....
d - Throw Icicle          Conj/Ice       ####....     14%         4    ####...
e - Summon Ice Beast      Ice/Summ       ###.....     38%         4    ####...


Dungeon Overview and Level Annotations

Branches:
Dungeon (8/15)             Temple (1/1) D:4
   Lair: D:8-11

Altars:
Ashenzari
Cheibriados
Dithmenos
Elyvilon
Fedhas
Gozag
Hepliaklqana
Kikubaaqudgha
Makhleb
Nemelex Xobeh
Okawaru
Qazlal
Ru
Sif Muna
Trog
Uskayaw
Vehumet
Xom
Yredelemnul
Zin
The Shining One

Shops:
D:5 **}   D:6 %


Innate Abilities, Weirdness & Mutations

You cannot wear most types of armour.
You are very stealthy in the water.
You are amphibious.
You can wear up to eight rings at the same time.
You can use your tentacles to constrict eight enemies at once.
Your skin changes colour to match your surroundings (Stealth+).
Your rubbery body absorbs attacks. (AC +1, EV +1)


Message History

You feel sick. The wasp completely misses you. The wasp barely misses you.
Casting: Freeze
Confirm with . or Enter, or press ? or * to list all spells.
Aiming: Freeze
Press: ? - help, Shift-Dir - straight line, f/p - wasp
Aim: a wasp (severely wounded)
You freeze the wasp.
The wasp is almost dead.
You feel yourself speed up.
You feel sick. The wasp closely misses you. The wasp stings you!
* * * LOW HITPOINT WARNING * * *
You suddenly lose the ability to move!
The wasp stings you.
* * * LOW HITPOINT WARNING * * *
You are more poisoned.
The wasp stings you.
* * * LOW HITPOINT WARNING * * *
You are more poisoned.
* * * LOW HITPOINT WARNING * * *
You feel sick. The wasp stings you!
You die...

#......#.#
##[....#Y#
#.....#(#
#.....#Y######
#...o.o.(y..(#
#.#..c######.#
...... #Y#
...#. #y# ##
#. #@# . #.###
#### .. #<..#
.... #####
.... .... ####
# #


You could see an ice beast and a wasp.

Vanquished Creatures
  Sigmund (D:6)
  A spriggan (D:7)
  Eustachio (D:6)
  A hippogriff (D:7)
  Duvessa (D:6)
  A sky beast (D:5)
  2 eyes of draining (D:4)
  3 ogres
  A big kobold (D:4)
  Blork the orc (D:6)
  3 giant frogs
  Dowan (D:6)
  2 howler monkeys
  2 crimson imps (D:6)
  4 hounds
  2 orc priests
  A centaur skeleton (D:5)
  3 jellies
  10 orc wizards
  Jessica (D:2)
  Terence (D:2)
  An iguana (D:7)
  7 worker ants
  A hound skeleton (D:7)
  A worker ant zombie (D:5)
  9 gnolls
  12 adders
  A shadow imp (D:5)
  An adder skeleton (D:6)
  2 worms (D:4)
  2 dart slugs
  5 giant geckos
  22 orcs
  4 giant cockroaches
  8 goblins
  4 hobgoblins
  10 jackals
  27 kobolds
  3 quokkas
  A ball python (D:1)
  6 bats
  5 giant newts
  A jackal zombie (D:7)
  3 rats
179 creatures vanquished.

Notes
Turn   | Place    | Note
-------+----------+-------------------------------------------
     0 | D:1      | Espgualade the Octopode Ice Elementalist began the quest for the Orb.
     0 | D:1      | Reached XP level 1. HP: 11/11 MP: 3/3
   145 | D:1      | Reached skill level 1 in Fighting
   181 | D:1      | Reached XP level 2. HP: 10/18 MP: 5/5
   613 | D:1      | Learned a level 2 spell: Throw Frost
   628 | D:2      | Reached XP level 3. HP: 25/25 MP: 6/6
  1083 | D:1      | Learned a level 3 spell: Ozocubu's Armour
  1084 | D:2      | Noticed Terence
  1188 | D:2      | Noticed Jessica
  1199 | D:2      | Reached XP level 4. HP: 13/32 MP: 3/7
  1430 | D:2      | Killed Jessica
  1599 | D:2      | Reached XP level 5. HP: 38/38 MP: 5/8
  1892 | D:2      | Reached skill level 5 in Fighting
  2268 | D:2      | Killed Terence
  2268 | D:2      | Reached skill level 3 in Stealth
  2302 | D:3      | Found a basalt altar of Yredelemnul.
  2362 | D:3      | Reached XP level 6. HP: 27/45 MP: 7/9
  2739 | D:4      | Reached skill level 4 in Stealth
  3000 | D:4      | Reached skill level 5 in Stealth
  3000 | D:4      | Reached XP level 7. HP: 17/50 MP: 2/10
  3305 | D:4      | Found a bloodstained altar of Trog.
  3353 | D:4      | Reached skill level 6 in Stealth
  3359 | D:4      | Found a staircase to the Ecumenical Temple.
  3441 | D:4      | HP: 2/50 [ogre/giant club (20)]
  4059 | D:4      | Reached skill level 5 in Dodging
  4386 | Temple   | Entered the Ecumenical Temple
  4456 | Temple   | Became a worshipper of Vehumet
  4537 | D:4      | Reached skill level 7 in Stealth
  4537 | D:4      | Reached XP level 8. HP: 24/55 MP: 11/11
  4905 | D:4      | Found a sparkling altar of Nemelex Xobeh.
  5417 | D:4      | Learned a level 4 spell: Throw Icicle
  5418 | D:5      | Entered Level 5 of the Dungeon
  5418 | D:5      | Found an iron altar of Okawaru.
  5451 | D:5      | Found Soabopa's General Store.
  5470 | D:5      | Found a shimmering altar of Xom.
  5598 | D:5      | Found Gug Gif's Assorted Antiques.
  5619 | D:5      | Found a shimmering altar of Xom.
  5743 | D:5      | Found Dextass's Gadget Boutique.
  6282 | D:5      | Bought an encrusted diamond ring for 110 gold pieces
  6328 | D:6      | Noticed Blork the orc
  6366 | D:6      | Noticed Sigmund
  6400 | D:6      | Noticed Duvessa
  6410 | D:6      | Noticed Eustachio
  6433 | D:6      | Killed Eustachio
  6505 | D:6      | Noticed Dowan
  6514 | D:6      | Killed Duvessa
  6521 | D:6      | Killed Dowan
  6521 | D:6      | Reached skill level 5 in Spellcasting
  6521 | D:6      | Reached XP level 9. HP: 38/61 MP: 13/16
  6639 | D:6      | Reached * piety under Vehumet
  6639 | D:6      | Offered knowledge of Flame Tongue by Vehumet.
  6653 | D:6      | Found Bairhe's Food Emporium.
  7205 | D:6      | Killed Sigmund
  7205 | D:6      | Reached skill level 1 in Charms
  7253 | D:6      | Found a burning altar of Makhleb.
  7431 | D:6      | Killed Blork the orc
  7589 | D:7      | Found a blossoming altar of Fedhas.
  7741 | D:7      | Reached skill level 5 in Ice Magic
  8543 | D:7      | Learned a level 4 spell: Summon Ice Beast
  8609 | D:8      | Paralysed by a wasp for 3 turns
  8611 | D:8      | HP: 2/61 [poisoned by a wasp]
  8611 | D:8      | Mangled by a wasp

Vault maps used:
D:1:      minmay_arrival_hallway
D:2:      kennysheep_jessica_study, uniq_terence
D:3:      yredelemnul_altar_generic
D:4:      kennysheep_kobold_camp, trog_eyes_of_draining,
          nemelex_xobeh_ov_fountains_minmay
D:5:      xom_redecorated, lemuel_round_altar, serial_shops, shop, shop, shop,
          first_bread
D:6:      lightli_temple_of_fire, serial_shops, shop, uniq_duvessa,
          uniq_blork_the_orc, uniq_sigmund, uniq_eustachio
D:7:      the_bakery, mrwooster_statue_mirror, fedhas_altar_fruit_tree
D:8:      kennysheep_generic_room_11
Temple:   regret_index_temple_waves

Skill      XL: |  1  2  3  4  5  6  7  8  9 |
---------------+----------------------------+-----
Fighting       | 1 2 3 4 5 |  5.2
Stealth        | 3 5 7 |  7.2
Dodging        | 3 5 |  5.4
Conjurations   | 3 4 |  4.6
Ice Magic      | 4 5 |  5.6
Spellcasting   | 5 6 |  6.0
Charms         | 3 |  3.2

Action                   |  1- 3 |  4- 6 |  7- 9 || total
-------------------------+-------+-------+-------++-------
Melee: Dagger            |    44 |   111 |    33 ||   188
       Constrict         |     8 |    29 |    65 ||   102
       Whip              |     3 |       |       ||     3
       Tentacles         |     4 |    14 |    44 ||    62
       Spear             |       |       |   239 ||   239
 Cast: Freeze            |    10 |    30 |    97 ||   137
       Ozocubu's Armour  |       |     4 |    14 ||    18
       Throw Frost       |       |       |    17 ||    17
 Abil: Evoke Flight      |       |       |     3 ||     3
  Use: Scroll            |     4 |     5 |     9 ||    18
       Potion            |     2 |       |     4 ||     6
 Stab: Distracted        |     1 |       |     1 ||     2
       Sleeping          |     5 |     5 |    19 ||    29
  Eat: Chunk             |       |     8 |    15 ||    23
       Bread ration      |       |       |     1 ||     1
Armor: Skin              |     1 |    12 |    25 ||    38
Dodge: Dodged            |    27 |    94 |   214 ||   335
